 Dungeon Crawl Stone Soup version 0.25-a0-632-g7713895 (webtiles) character file.

Game seed: 1107817624407841783, levelgen mode: deterministic

426 MrTaco21 the Cudgeler (level 6, -2/37 HPs)
             Began as a Gargoyle Fighter on Mar 19, 2020.
             Splashed by a jelly's acid (7 damage)
             ... on level 5 of the Dungeon.
             The game lasted 00:04:38 (3862 turns).

MrTaco21 the Cudgeler (Gargoyle Fighter)            Turns: 3862, Time: 00:04:38

Health: -2/37      AC:  7    Str: 22    XL:     6   Next: 97%
Magic:  6/6        EV:  7    Int:  8    God:
Gold:   257        SH:  9    Dex:  9    Spells: 5/5 levels left

rFire    . . .     SeeInvis .   a - +0 flail
rCold    . . .     Gourm    .   p - +0 kite shield
rNeg     + . .     Faith    .   b - +0 scale mail
rPois    ∞         Spirit   .   s - +2 helmet
rElec    +         Reflect  .   (no cloak)
rCorr    .         Harm     .   g - +0 pair of gloves (curse)
MR       .....                  (no boots)
Stlth    ..........             (no amulet)
HPRegen  0.12/turn              (no ring)
MPRegen  0.10/turn              (no ring)

@: corroded
A: negative energy resistance 1, electricity resistance, unbreathing,
petrification resistance, rot immunity, AC +4
a: no special abilities


You were on level 5 of the Dungeon.
You were not hungry.

You visited 2 branches of the dungeon, and saw 6 of its levels.

You collected 257 gold pieces.

Inventory:

Hand Weapons
 a - a +0 flail (weapon)
Armour
 b - a +0 scale mail (worn)
 g - a cursed +0 pair of gloves (worn)
   (You found it on level 1 of the Dungeon)
 p - a +0 kite shield (worn)
 s - a +2 helmet (worn)
   (You found it on level 3 of the Dungeon)
Jewellery
 m - an uncursed ring of ice
   (You found it on level 2 of the Dungeon)
Wands
 c - a wand of disintegration (16)
   (You found it on level 3 of the Dungeon)
 x - a wand of acid (11)
   (You found it on level 3 of the Dungeon)
Scrolls
 f - 5 scrolls of identify {unknown}
 h - a scroll of noise {unknown}
 j - a scroll of teleportation {unknown}
 k - a scroll of random uselessness {unknown}
 l - 2 scrolls of enchant weapon {unknown}
 n - 2 scrolls of remove curse {unknown}
Potions
 d - 2 potions of might
 i - a potion of lignification {unknown}
 q - a potion of degeneration {unknown}
 r - 2 potions of curing {unknown}
Comestibles
 e - 10 rations {!d}
 o - a chunk of flesh


   Skills:
 - Level 3.2 Fighting
 + Level 7.2 Maces & Flails
 - Level 3.2 Armour
 - Level 3.2 Shields


You had 5 spell levels left.
You didn't know any spells.
Your spell library was empty.

Dungeon Overview and Level Annotations

Branches:
Dungeon (5/15)             Temple (1/1) D:4

Altars:
Dithmenos
Elyvilon
Fedhas
Hepliaklqana
Makhleb
Nemelex Xobeh
Okawaru
Ru
Sif Muna
Vehumet
Wu Jian
Yredelemnul
Zin
The Shining One


Innate Abilities, Weirdness & Mutations

You are resistant to torment.
Your stone body is resilient. (AC +4)
You are immune to poison.
You resist negative energy. (rN+)
You are resistant to electric shocks. (rElec)
You can survive without breathing.
You are immune to petrification.
You are immune to rotting.


Message History

Your shield and scale mail prevent you from hitting the worker ant.
You block the worker ant's attack. The jelly barely misses you.
You block the orc's attack.
The adder skeleton bites you but does no damage.
The orc hits you but does no damage. You block the worker ant's attack.
The jelly hits you but does no damage.
You thump the worker ant!
You kill the worker ant!
Your Maces & Flails skill increases to level 7!
You block the adder skeleton's attack. The jelly hits you but does no damage.
You block the adder skeleton's attack. The orc hits you.
You hit the jelly. The acid corrodes you!
Your hands burn!
You block the adder skeleton's attack. The jelly hits you but does no damage.
The orc hits you but does no damage.
The worker ant waves its antennae.
You hit the jelly.
Your hands burn!
The adder skeleton closely misses you. The jelly hits you but does no damage.
The orc barely misses you.
You hit the jelly.
Your hands burn!
The adder skeleton bites you but does no damage.
The jelly hits you but does no damage. The orc hits you but does no damage.
The adder skeleton bites you but does no damage.
You sock the jelly!
Your hands burn!
* * * LOW HITPOINT WARNING * * *
You block the jelly's attack. You block the orc's attack.
You block the adder skeleton's attack. The orc hits you.
* * * LOW HITPOINT WARNING * * *
The jelly barely misses you. The jelly hits you but does no damage.
You hit the jelly.
You kill the jelly!
The adder skeleton bites you but does no damage.
The jelly barely misses you. You block the jelly's attack.
The adder skeleton barely misses you.
You hit the jelly.
Your hands burn!
* * * LOW HITPOINT WARNING * * *
The jelly hits you but does no damage. The adder skeleton barely misses you.
The jelly hits you but does no damage.
You are no longer corroded.
You hit the jelly. The acid corrodes you!
Your hands burn!
* * * LOW HITPOINT WARNING * * *
The jelly hits you but does no damage.
You hit the jelly.
Your hands burn!
* * * LOW HITPOINT WARNING * * *
The jelly closely misses you.
You hit the jelly. The acid corrodes you!
Your hands burn!
* * * LOW HITPOINT WARNING * * *
The jelly hits you.
* * * LOW HITPOINT WARNING * * *
The acid corrodes you!
You are splashed with acid!
You die...

#.......)..
#.#.#####..
#.#.######.
#.######.#........
#.................
########oZ..###...
#a'#######+
#J#...#...#
#@#...#...#
###....÷..#
###._.###
###...÷...###
#.#...#...#.#
#.#...#..)#.#
#.'#######'.######
#.................
#.....#......#####


You could see a jelly, a worker ant, an orc and an adder skeleton.

Vanquished Creatures
  A crimson imp (D:4)
  2 jellies (D:5)
  An orc wizard (D:5)
  Jessica (D:2)
  3 worker ants
  A hound skeleton (D:4)
  4 gnolls (D:3)
  5 adders
  4 oozes
  2 worms (D:2)
  2 leopard geckos
  An orc (D:4)
  7 giant cockroaches
  7 goblins
  8 hobgoblins
  11 jackals
  A quokka (D:4)
  3 ball pythons
  10 bats
  6 frilled lizards
  6 kobolds
  10 rats
96 creatures vanquished.

Notes
Turn   | Place    | Note
-------+----------+-------------------------------------------
     0 | D:1      | MrTaco21 the Gargoyle Fighter began the quest for the Orb.
     0 | D:1      | Reached XP level 1. HP: 14/14 MP: 1/1
    61 | D:1      | Reached XP level 2. HP: 11/19 MP: 2/2
   318 | D:1      | Reached skill level 3 in Maces & Flails
   492 | D:1      | Reached XP level 3. HP: 22/23 MP: 3/3
  1120 | D:2      | Noticed Jessica
  1123 | D:2      | Killed Jessica
  1123 | D:2      | Reached skill level 4 in Maces & Flails
  1125 | D:2      | Reached XP level 4. HP: 27/28 MP: 4/4
  1594 | D:2      | Found a glowing golden altar of the Shining One.
  1678 | D:2      | Found a hazy altar of Hepliaklqana.
  1844 | D:3      | Reached skill level 5 in Maces & Flails
  1894 | D:3      | Reached XP level 5. HP: 32/32 MP: 5/5
  2711 | D:4      | Found a staircase to the Ecumenical Temple.
  2716 | Temple   | Entered the Ecumenical Temple
  3348 | D:4      | Reached skill level 6 in Maces & Flails
  3378 | D:4      | Reached XP level 6. HP: 37/37 MP: 6/6
  3440 | D:4      | Found a radiant altar of Vehumet.
  3441 | D:4      | Found a burning altar of Makhleb.
  3559 | D:5      | Entered Level 5 of the Dungeon
  3773 | D:5      | Found a sacrificial altar of Ru.
  3843 | D:5      | Reached skill level 7 in Maces & Flails
  3862 | D:5      | Splashed by a jelly's acid

Levels and vault maps discovered:
D:1:      wander_arrival_abandoned_jail, layout_basic, serial_bayou_pond_b
D:2:      layout_loops_cross, nicolae_overflow_hidden_temple,
          nicolae_tso_carved_into_rock, uniq_jessica
D:3:      layout_basic
D:4:      layout_basic, grunt_temple_overflow_lords_of_destruction,
          minmay_temple_entry_trees, first_ration
D:5:      layout_loops_ring, xom_butterflies,
          nicolae_ru_great_annihilating_truth, minmay_misc_feat_five,
          supply_closet_lemuel
Temple:   compressed_dpeg_triangle_lava_temple

Skill      XL: |  1  2  3  4  5  6 |
---------------+-------------------+-----
Maces & Flails | 3 4 5 6 7 |  7.2
Fighting       | |  3.2
Armour         | |  3.2
Shields        | |  3.2

Action                   |  1- 3 |  4- 6 || total
-------------------------+-------+-------++-------
Melee: Flail             |   109 |   327 ||   436
 Stab: Paralysed         |       |     1 ||     1
  Eat: Chunk             |       |    10 ||    10
Armor: Scale mail        |    93 |   181 ||   274
Dodge: Dodged            |    48 |    96 ||   144
Block: Kite shield       |    86 |   161 ||   247

Table legend:
 A = Non-vault XP
 B = Vault XP
 C = Vault XP percentage of total XP
 D = Non-vault monster count
 E = Vault monster count
 F = Vault count percentage of total count
                 A         B        C        D         E       F
            +---------+---------+-------+---------+---------+-------
      Total |     460 |     149 |  24.5 |      87 |       9 |   9.4
            +---------+---------+-------+---------+---------+-------
        D:1 |      33 |       9 |  21.4 |      19 |       3 |  13.6
        D:2 |      75 |      37 |  33.0 |      28 |       1 |   3.4
        D:3 |     127 |       0 |   0.0 |      31 |       0 |   0.0
        D:4 |     103 |      48 |  31.8 |       6 |       1 |  14.3
        D:5 |     122 |      55 |  31.1 |       3 |       4 |  57.1
            +---------+---------+-------+---------+---------+-------
